 Dungeon Crawl Stone Soup version 0.23-a0-558-g30802b1 (webtiles) character file.

11448 nikopol the Cleaver (level 11, -3/142 HPs)
             Began as a Minotaur Berserker on Dec 12, 2018.
             Was the Champion of Trog.
             Slain by an ice devil (9 damage)
             ... on level 11 of the Dungeon.
             The game lasted 00:20:57 (11135 turns).

nikopol the Cleaver (Minotaur Berserker)           Turns: 11135, Time: 00:20:57

Health: -3/142     AC: 13    Str: 30    XL:     11   Next: 49%
Magic:  10/10      EV: 13    Int:  8    God:    Trog [******]
Gold:   333        SH:  0    Dex: 13    Spells: 10/10 levels left

rFire    . . .     SeeInvis +   a - +0 war axe
rCold    . . .     Gourm    .   (no shield)
rNeg     . . .     Faith    .   k - +3 scale mail of Xirurum {Int+4 SInv}
rPois    .         Spirit   .   (helmet restricted)
rElec    .         Reflect  .   w - +1 cloak {MR+}
rCorr    .         Harm     .   (no gloves)
MR       +....                  (no boots)
Stlth    ..........             (no amulet)
HPRegen  0.33/turn              t - ring of attention (curse)
MPRegen  0.12/turn              y - +3 ring of strength

@: berserking, very quick
A: retaliatory headbutt, horns 2
a: Berserk, Trog's Hand, Brothers in Arms, Renounce Religion


You were on level 11 of the Dungeon.
You worshipped Trog.
Trog was exalted by your worship.
You were hungry.

You visited 1 branch of the dungeon, and saw 11 of its levels.

You collected 696 gold pieces.
You spent 363 gold pieces at shops.

Inventory:

Hand Weapons
 a - a +0 war axe (weapon)
 l - a +1 morningstar of protection
 z - a +2 longbow of velocity
 I - a +2 triple crossbow of velocity
 L - a +0 shortbow
 N - a +0 hand axe
Missiles
 e - 114 arrows
Armour
 k - the +3 scale mail of Xirurum (worn) {Int+4 SInv}
   (You bought it in a shop on level 4 of the Dungeon)

   It affects your intelligence (+4).
   It lets you see invisible.
 w - a +1 cloak of magic resistance (worn)
Jewellery
 t - a cursed ring of attention (left hand)
 y - a +3 ring of strength (right hand)
 M - an uncursed ring of wizardry {unknown}
Wands
 v - a wand of flame (15)
 A - a wand of polymorph (8)
 B - a wand of iceblast (2)
 E - a wand of scattershot (7)
 H - a wand of clouds (5)
 J - a wand of paralysis (11)
Scrolls
 g - 2 scrolls of teleportation
 j - a scroll of random uselessness {unknown}
 m - a scroll of fear {unknown}
 o - 4 scrolls of amnesia {unknown}
 p - 2 scrolls of immolation {unknown}
 q - 2 scrolls of enchant armour {unknown}
 r - 2 scrolls of magic mapping
 u - 7 scrolls of remove curse {unknown}
 C - a scroll of silence {unknown}
 D - a scroll of fog {unknown}
 F - a scroll of identify
 G - a scroll of blinking
Potions
 b - a potion of brilliance
 d - 3 potions of agility
 f - a potion of haste
 h - 5 potions of heal wounds
 i - 2 potions of invisibility
 n - 2 potions of lignification
 s - a potion of resistance
 x - 5 potions of curing
 K - a potion of might
Comestibles
 c - 18 rations


   Skills:
 + Level 8.9 Fighting
 * Level 14.7 Axes
 * Level 8.2 Bows
 + Level 9.0 Armour
 + Level 5.6 Dodging
 + Level 1.0 Stealth


You had 10 spell levels left.
You didn't know any spells.
Your spell library was empty.

Dungeon Overview and Level Annotations

Branches:
Dungeon (11/15)            Temple (0/1) D:7            Lair (0/6) D:11
    Orc (0/2) D:9

Altars:
Cheibriados
Gozag
The Shining One

Shops:
D:4 [   D:7 ?   D:10 [


Innate Abilities, Weirdness & Mutations

You reflexively headbutt those who attack you in melee.
You have a pair of horns on your head.


Message History

You slash the ice devil! You headbutt the ice devil.
The ice devil is heavily wounded.
The ice devil hits you! The ice devil freezes you!
You slash the ice devil! You headbutt the ice devil.
The ice devil is severely wounded.
The ice devil hits you. The ice devil freezes you!!
You closely miss the ice devil.
The ice devil is severely wounded.
The ice devil hits you.
* * * LOW HITPOINT WARNING * * *
The ice devil freezes you!!
* * * LOW HITPOINT WARNING * * *
An ice devil comes into view.
A red film seems to cover your vision as you go berserk!
You feel yourself moving faster!
You feel mighty!
You are feeling hungry.
The ice devil hits you.
* * * LOW HITPOINT WARNING * * *
The ice devil freezes you!
You die...

*,,,,,,,,,,,,,,*#.#..#
*,,,,,,,,,,,,,,*#.#..#
*******,,,,,,,,*#.#..#
**********#..รท.#
############...#
#(.............#
*,#............#
#+#'###.....#..# #..@#
#.....+.># ##4##
#.....####
**#.***#.....#
*,..,,*#.....#
*..4,,*####### #...,,*
#...,,* ####***


You could see 2 ice devils.

Vanquished Creatures
  A two-headed ogre (D:11)
  An unseen horror (D:6)
  A centaur zombie (D:10)
  2 centaur skeletons (D:11)
  3 kobold demonologists (D:11)
  2 trolls (D:11)
  A hippogriff (D:11)
  2 hornets
  Sigmund (D:3)
  A wraith (D:9)
  A vampire (D:11)
  Grum (D:8)
  A hungry ghost (D:8)
  4 porcupines
  5 ice beasts
  4 orc warriors
  5 sky beasts
  4 phantoms
  A black bear (D:11)
  5 ogres
  2 wolves (D:8)
  4 centaurs
  A necrophage (D:5)
  2 crocodiles
  4 big kobolds
  13 bullfrogs
  2 scorpions
  2 troll zombies (D:9)
  6 killer bees (D:8)
  5 wights (D:8)
  2 bullfrog zombies
  5 crimson imps
  A quasit (D:5)
  6 hounds
  6 orc priests
  A bullfrog skeleton (D:6)
  Crazy Yiuf (D:3)
  3 jellies
  An iguana (D:7)
  Ijyb (D:3)
  10 orc wizards
  12 worker ants
  4 ogre zombies (D:9)
  A hound zombie (D:9)
  A hound skeleton (D:9)
  2 worker ant zombies
  Robin (D:3)
  A howler monkey skeleton (D:7)
  16 adders
  4 gnolls (D:3)
  5 shadow imps
  3 oozes
  2 adder skeletons
  An adder zombie (D:5)
  3 worms
  A dart slug (D:5)
  6 leopard geckos
  41 orcs
  3 ball pythons
  7 giant cockroaches
  12 goblins
  10 hobgoblins
  13 jackals
  4 quokkas
  5 bats
  2 frilled lizards
  2 goblin skeletons (D:9)
  A goblin zombie (D:9)
  A hobgoblin skeleton (D:9)
  2 hobgoblin zombies (D:9)
  17 kobolds
  An orc skeleton (D:9)
  12 orc zombies (D:9)
  8 rats
328 creatures vanquished.

Vanquished Creatures (others)
  20 fungi (D:11)
  8 plants (D:11)
  5 toadstools (D:1)
33 creatures vanquished.

Grand Total: 361 creatures vanquished

Notes
Turn   | Place    | Note
-------+----------+-------------------------------------------
     0 | D:1      | nikopol the Minotaur Berserker began the quest for the Orb.
     0 | D:1      | Reached XP level 1. HP: 19/19 MP: 0/0
   441 | D:1      | Reached XP level 2. HP: 25/27 MP: 1/1
   495 | D:1      | Reached skill level 4 in Axes
   997 | D:2      | Reached XP level 3. HP: 28/33 MP: 2/2
  1068 | D:2      | Reached ** piety under Trog
  1327 | D:2      | Reached XP level 4. HP: 34/40 MP: 3/3
  1358 | D:2      | Reached skill level 5 in Axes
  1887 | D:3      | Noticed Robin
  1904 | D:3      | Killed Robin
  2044 | D:3      | Reached XP level 5. HP: 36/46 MP: 4/4
  2263 | D:3      | Noticed Sigmund
  2271 | D:3      | Killed Sigmund
  2271 | D:3      | Reached skill level 6 in Axes
  2271 | D:3      | Reached XP level 6. HP: 53/53 MP: 5/5
  2306 | D:3      | Noticed Ijyb
  2312 | D:3      | Killed Ijyb
  2312 | D:3      | Reached skill level 7 in Axes
  2853 | D:3      | Found a runed door.
  2857 | D:3      | Noticed Crazy Yiuf
  2865 | D:3      | Killed Crazy Yiuf
  3166 | D:4      | Found Roove's Antique Armour Shop.
  3177 | D:4      | Reached *** piety under Trog
  3554 | D:5      | Entered Level 5 of the Dungeon
  3560 | D:5      | Reached XP level 7. HP: 60/60 MP: 6/6
  3611 | D:5      | Reached skill level 8 in Axes
  3859 | D:5      | Reached skill level 5 in Armour
  3867 | D:5      | Reached skill level 5 in Fighting
  4061 | D:5      | Reached skill level 9 in Axes
  4261 | D:5      | Reached XP level 8. HP: 57/68 MP: 7/7
  4610 | D:6      | Reached **** piety under Trog
  4610 | D:6      | Reached skill level 10 in Axes
  5136 | D:6      | Reached skill level 11 in Axes
  5437 | D:6      | Found a glowing golden altar of the Shining One.
  5639 | D:6      | Reached XP level 9. HP: 75/75 MP: 8/8
  5689 | D:6      | Killed an unseen horror
  6007 | D:6      | Reached skill level 12 in Axes
  6152 | D:7      | Found Hiptef's Magic Scroll Emporium.
  6168 | D:7      | Bought a scroll of blinking for 75 gold pieces
  6306 | D:4      | Bought a polished scale mail for 288 gold pieces
  6316 | D:4      | Identified the +3 scale mail of Xirurum {Int+4 SInv} (You
                  | bought it in a shop on level 4 of the Dungeon)
  6590 | D:7      | Found a staircase to the Ecumenical Temple.
  7181 | D:8      | Reached ***** piety under Trog
  7487 | D:8      | Reached skill level 13 in Axes
  7519 | D:8      | Reached skill level 1 in Bows
  7519 | D:8      | Reached XP level 10. HP: 86/86 MP: 9/9
  7885 | D:8      | Noticed Grum
  7895 | D:8      | Killed Grum
  8291 | D:8      | Found an opulent altar of Gozag.
  8493 | D:8      | Reached skill level 5 in Dodging
  8757 | D:9      | Received a gift from Trog
  8840 | D:9      | Found a staircase to the Orcish Mines.
  8893 | D:9      | Reached skill level 5 in Bows
  9393 | D:9      | Found a snail-covered altar of Cheibriados.
  9897 | D:10     | Entered Level 10 of the Dungeon
  9988 | D:10     | Reached skill level 14 in Axes
 10120 | D:10     | Found Hituppah's Antique Armour Emporium.
 10241 | D:10     | Reached skill level 1 in Stealth
 10375 | D:11     | Reached XP level 11. HP: 71/95 MP: 10/10
 10391 | D:11     | Noticed a two-headed ogre
 10406 | D:11     | Killed a two-headed ogre
 10480 | D:11     | Paralysed by a hornet for 1 turns
 10800 | D:11     | Found a staircase to the Lair.
 10812 | D:11     | Reached ****** piety under Trog
 10818 | D:11     | Received a gift from Trog
 11135 | D:11     | HP: 6/142 [ice devil (3)]
 11135 | D:11     | Slain by an ice devil

Vault maps used:
D:1:      ldierk_walled_garden
D:3:      uniq_sigmund, uniq_crazy_yiuf_cottage, uniq_robin, uniq_ijyb
D:4:      serial_shops, shop
D:5:      first_ration
D:6:      cheibrodos_barr_body, grunt_ministairs_6, nicolae_tso_carved_into_rock
D:7:      minmay_angry_zag, minmay_temple_entry_glass, serial_shops,
          nicolae_shop_waterfront, hex_tiny, grunt_ogre_cave, hex_large
D:8:      grunt_gozag_statues, uniq_grum
D:9:      nicolae_overflow_crystal_walls, zombieorc1_lemuel,
          grunt_decor_mini_mirrors, stair_cage_cross
D:10:     serial_shops, nicolae_shop_window_shopping
D:11:     due_lair_maze_entry_diamond, portal_ice_cave_demonic_guard

Skill      XL: |  1  2  3  4  5  6  7  8  9 10 11 |
---------------+----------------------------------+-----
Fighting       | 4 5 6 7 8 |  8.9
Axes           | 4 5 6 7 9 11 13 14 | 14.7
Dodging        | 3 4 5 |  5.6
Armour         | 3 4 5 7 8 9 |  9.0
Bows           | 1 6 8 |  8.2
Stealth        | 1 |  1.0

Action                   |  1- 3 |  4- 6 |  7- 9 | 10-12 || total
-------------------------+-------+-------+-------+-------++-------
Melee: Hand axe          |    68 |   176 |   400 |   266 ||   910
       Headbutt          |     8 |    35 |    78 |    92 ||   213
       War axe           |       |       |       |    97 ||    97
 Fire: Shortbow          |       |       |     5 |   155 ||   160
       Longbow           |       |       |       |     2 ||     2
Invok: Berserk           |       |     1 |     4 |     6 ||    11
  Use: Scroll            |       |       |     9 |     3 ||    12
 Stab: Sleeping          |     1 |       |       |       ||     1
  Eat: Chunk             |     1 |     8 |    10 |    15 ||    34
       Ration            |       |       |     2 |     1 ||     3
Armor: Chain mail        |    38 |    64 |   164 |       ||   266
       Scale mail        |       |       |    32 |   121 ||   153
Dodge: Dodged            |    27 |    63 |   158 |   201 ||   449

Table legend:
 A = Non-vault XP
 B = Vault XP
 C = Vault XP percentage of total XP
 D = Non-vault monster count
 E = Vault monster count
 F = Vault count percentage of total count
                 A         B        C        D         E       F
            +---------+---------+-------+---------+---------+-------
      Total |   12721 |    3634 |  22.2 |     264 |      64 |  19.5
            +---------+---------+-------+---------+---------+-------
        D:1 |      18 |       0 |   0.0 |      11 |       0 |   0.0
        D:2 |     106 |       0 |   0.0 |      26 |       0 |   0.0
        D:3 |     133 |     329 |  71.2 |      22 |      12 |  35.3
        D:4 |     145 |       0 |   0.0 |      18 |       0 |   0.0
        D:5 |    1160 |       0 |   0.0 |      32 |       0 |   0.0
        D:6 |     875 |    1041 |  54.3 |      25 |      10 |  28.6
        D:7 |     831 |     286 |  25.6 |      14 |       4 |  22.2
        D:8 |    2004 |     422 |  17.4 |      42 |       3 |   6.7
        D:9 |    1466 |     708 |  32.6 |      40 |      28 |  41.2
       D:10 |     970 |     286 |  22.8 |      13 |       2 |  13.3
       D:11 |    5013 |     562 |  10.1 |      21 |       5 |  19.2
            +---------+---------+-------+---------+---------+-------
